cohdb
Replays
Latest Replays
All Replays
Popular Replays
Top Player Replays
Match Explorer
How It Works
Community
CoH3 Stats
Reddit
Sign in to upload your games and track your stats! →
Sign in with Steam
Match 40553440
Unlisted
Match 40553440
Overview
Messages
Build Orders
End
Pioneer Squad
Construct Infanterie Kompanie
Selects Terror Battlegroup
Selects Machine Gun Camouflage
Grenadier Squad
MG 42 Machine Gun Team
Grenadier Squad
MG 42 Machine Gun Team
Construct Panzergrenadier Kompanie
Pak 40 Anti-tank Gun Team
Medical Station
251 Medium Carrier
Panzergrenadier Squad
Construct Panzer Kompanie
Stoßtruppen Squad
Panzer IV Medium Tank
Pak 40 Anti-tank Gun Team
Selects Defend the Fatherland
Selects King Tiger Heavy Tank
King Tiger Heavy Tank
Pioneer Squad
Selects Contempt for the Weak
Selects Propaganda Leaflet Drop
Selects V1 Rocket Strike
V1 Rocket Strike
Propaganda Leaflet Drop
Panzer IV Medium Tank
Propaganda Leaflet Drop
Side Skirts
Panzer Officer Quarters
Propaganda Leaflet Drop
BigTiddyLebron
kreumat
rudewoi
Only Furb
0
0
Comments
sign in to comment!
No comments posted yet!